 Dungeon Crawl Stone Soup version 0.24-a0-170-gd8427f5 (webtiles) character file.

Game seed: 8270364071098745901

3473 Azzok the Arsonist (level 10, -1/56 HPs)
             Began as an Octopode Fire Elementalist on Mar 10, 2019.
             Was a Follower of Vehumet.
             Hit by a javelin of returning thrown by a centaur (11 damage)
             ... in a bailey.
             The game lasted 00:17:06 (10892 turns).

Azzok the Arsonist (Octopode Fire Elementalist)    Turns: 10892, Time: 00:17:07

Health: -1/56      AC:  6    Str:  9    XL:     10   Next: 6%
Magic:  24/30      EV: 13    Int: 20    God:    Vehumet [*.....]
Gold:   441        SH:  0    Dex: 14    Spells: 10/23 levels left

rFire    . . .     SeeInvis .   z - +5 flail (drain)
rCold    . . .     Gourm    .   (no shield)
rNeg     + . .     Faith    .   (helmet restricted)
rPois    .         Spirit   .   (no amulet)
rElec    .         Reflect  .   a - +5 ring of protection
rCorr    .         Harm     .   u - ring of positive energy
MR       .....                  x - ring of magical power
Stlth    +++.......             r - +2 ring of dexterity
HPRegen  0.18/turn              (no ring)
MPRegen  0.22/turn              (no ring)
                                (no ring)
                                (no ring)

@: confused
A: almost no armour, stealthy swim, amphibious, 8 rings, constrict 8, camouflage
1, gelatinous body 1
a: Renounce Religion


You were in a bailey.
You worshipped Vehumet.
Vehumet was aware of your devotion.
You were very hungry.

You visited 1 branch of the dungeon, and saw 7 of its levels.
You also visited: Bailey.

You collected 616 gold pieces.
You spent 175 gold pieces at shops.

Inventory:

Hand Weapons
 o - a +0 whip of electrocution
 z - a +5 flail of draining (weapon)
Armour
 B - a +1 buckler
Jewellery
 a - a +5 ring of protection (left tentacle)
 r - a +2 ring of dexterity (on tentacle)
 u - a ring of positive energy (right tentacle)
 v - an uncursed ring of ice
 x - a ring of magical power (on tentacle)
Wands
 t - a wand of iceblast (9)
Scrolls
 c - 5 scrolls of teleportation
 e - a scroll of fog
 f - 4 scrolls of remove curse
 g - 3 scrolls of blinking
 j - a scroll of enchant armour
 p - a scroll of fear
 s - 5 scrolls of enchant weapon
 y - a scroll of noise {unknown}
Potions
 h - a potion of lignification
 i - a potion of brilliance
 k - a potion of curing
 m - a potion of flight
 n - 2 potions of resistance
 q - a potion of magic
 C - a potion of berserk rage
Comestibles
 b - 14 rations


   Skills:
 - Level 2.0 Dodging
 - Level 2.6 Stealth
 + Level 4.0 Shields
 + Level 7.3 Spellcasting
 + Level 7.7 Conjurations
 + Level 8.3 Fire Magic


You had 10 spell levels left.
You knew the following spells:

 Your Spells              Type           Power        Failure   Level  Hunger
a - Flame Tongue          Conj/Fire      #####        1%          1    None
b - Conjure Flame         Conj/Fire      #####...     1%          3    #......
c - Sticky Flame          Conj/Fire      #####...     3%          4    ###....
d - Fireball              Conj/Fire      #####.....   10%         5    #####..

Your spell library contained the following spells:

 Spells                   Type           Power        Failure   Level  Hunger
 Magic Dart               Conj           ####         1%          1    None
 Throw Flame              Conj/Fire      #####.       1%          2    None
 Inner Flame              Hex/Fire       ###.....     4%          3    #......


Dungeon Overview and Level Annotations

Branches:
Dungeon (7/15)             Temple (0/1) D:7

Altars:
Dithmenos
Fedhas
Gozag
Hepliaklqana
Kikubaaqudgha
Makhleb
Nemelex Xobeh
Ru
Sif Muna
Vehumet
Wu Jian

Shops:
D:4 ?   D:5 *   D:6 =

Annotations:
D:3 2 runed translucent doors, Phong's ghost, amateur HuGl


Innate Abilities, Weirdness & Mutations

You cannot wear most types of armour.
You are very stealthy in the water. (Stealth+)
You are amphibious.
You can wear up to eight rings at the same time.
You can use your tentacles to constrict eight enemies at once.
Your skin changes colour to match your surroundings (Stealth+).
Your rubbery body absorbs attacks. (AC +1, EV +1)


Message History

Okay, then.
The centaur throws a javelin of returning.
The javelin of returning hits you but does no damage.
Items here: ( ) [ ÷ a +0 spear; 2 javelins of returning; a +0 chain mail; a centaur skeleton The orc barely misses you.
The centaur throws a javelin of returning.
The javelin of returning hits you!
* * * LOW HITPOINT WARNING * * *
The weapon returns to the centaur!
Your magical contamination has completely faded away.
The centaur throws a javelin of returning.
The javelin of returning hits you!
* * * LOW HITPOINT WARNING * * *
The weapon returns to the centaur!
The orc barely misses you.
You are confused.
You feel invigorated.
The centaur throws a javelin of returning.
The javelin of returning hits you!
You die...

·≈≈≈≈≈≈≈≈≈≈≈)··▒▒▒▒▒··▒·≈≈·≈·≈≈≈·
≈≈≈≈≈≈≈≈≈)≈≈≈······'··▒·≈·≈≈·≈··⌠
≈≈≈≈≈)·[≈≈≈≈≈······'··▒·≈····≈··∩
≈≈≈≈≈≈≈≈≈≈≈≈≈··(···'··▒·≈·≈≈)≈··⌠
·≈≈≈≈≈≈≈≈≈≈≈···▒▒▒▒▒··▒·≈≈·≈·≈≈≈·
···≈≈≈≈≈≈≈···o≈≈·≈≈▒·)▒▒·≈·≈≈··≈≈
·········c····≈)≈≈≈▒··⌠▒·≈≈·≈≈≈··
·⌠·········⌠·≈≈·≈≈≈▒···▒··≈≈·)≈≈≈
·············≈o≈@≈≈▒···▒·⌠·≈≈≈···
≈≈·········≈≈≈·≈≈≈≈▒···▒▒····≈≈≈≈
≈≈≈·····≈≈≈··≈≈≈≈≈▒····▒▒▒▒▒····
·≈≈≈≈≈≈≈··≈≈≈≈≈≈≈▒·······⌠▒▒▒▒▒
······≈≈≈≈≈≈≈≈▒▒▒······)·····
≈≈≈≈≈≈≈≈≈≈≈≈▒▒ ▒▒···········
≈≈≈≈≈≈≈≈≈≈▒▒ ▒▒≈≈≈≈≈≈≈≈≈≈
▒▒▒▒▒▒▒▒▒▒ ▒▒▒▒▒▒▒▒▒▒▒


You could see an orc warrior, a centaur and an orc.

Vanquished Creatures
  Grinder (D:3)
  Edmund (D:5)
  9 orc warriors (Bailey)
  A sky beast (D:5)
  4 ogres
  6 centaurs (Bailey)
  4 bullfrogs (D:6)
  2 big kobolds (D:5)
  A gnoll sergeant (D:6)
  2 scorpions
  A crimson imp (D:7)
  2 jellies
  A hound (D:5)
  2 orc priests (D:6)
  A bullfrog skeleton (D:4)
  2 centaur skeletons
  Jessica (D:2)
  2 iguanas
  Terence (D:2)
  2 orc wizards
  2 worker ants
  A hound skeleton (D:5)
  A worker ant zombie (D:7)
  9 gnolls
  6 adders
  3 oozes
  An adder skeleton (D:2)
  3 worms
  A dart slug (D:5)
  5 leopard geckos
  41 orcs
  7 giant cockroaches
  34 goblins
  31 hobgoblins
  4 jackals (D:6)
  4 quokkas
  A ball python zombie (D:5)
  6 bats
  5 frilled lizards
  8 kobolds
  5 rats
224 creatures vanquished.

Notes
Turn   | Place    | Note
-------+----------+-------------------------------------------
     0 | D:1      | Azzok the Octopode Fire Elementalist began the quest for
                  | the Orb.
     0 | D:1      | Reached XP level 1. HP: 11/11 MP: 3/3
   180 | D:1      | Reached XP level 2. HP: 17/17 MP: 0/5
   783 | D:2      | Noticed Jessica
   786 | D:2      | Killed Jessica
   786 | D:2      | Reached XP level 3. HP: 4/21 MP: 2/6
  1144 | D:2      | Reached XP level 4. HP: 27/27 MP: 8/8
  1145 | D:2      | Found an ornate altar of the Wu Jian Council.
  1504 | D:2      | Noticed Terence
  1518 | D:2      | Killed Terence
  1599 | D:2      | Reached skill level 4 in Fire Magic
  1866 | D:3      | Reached XP level 5. HP: 31/31 MP: 6/9
  1996 | D:3      | Learned a level 3 spell: Conjure Flame
  2001 | D:3      | Learned a level 4 spell: Sticky Flame
  2357 | D:3      | Noticed Grinder
  2443 | D:3      | Killed Grinder
  2443 | D:3      | Reached XP level 6. HP: 18/36 MP: 4/12
  2955 | D:3      | Found a large runed translucent door.
  2956 | D:3      | Found a large runed translucent door.
  2978 | D:3      | Noticed Phong's ghost (amateur HuGl)
  3391 | D:4      | Reached skill level 5 in Fire Magic
  3473 | D:4      | Learned a level 5 spell: Fireball
  3586 | D:4      | Found Tuwep's Magic Scroll Shoppe.
  3597 | D:4      | Bought a scroll of identify for 20 gold pieces
  3597 | D:4      | Bought a scroll of identify for 20 gold pieces
  3597 | D:4      | Bought a scroll of teleportation for 30 gold pieces
  3597 | D:4      | Bought a scroll of blinking for 75 gold pieces
  3597 | D:4      | Bought a scroll of remove curse for 30 gold pieces
  3608 | D:4      | Reached XP level 7. HP: 41/41 MP: 11/13
  3716 | D:4      | Found a sacrificial altar of Ru.
  4087 | D:4      | Found a hazy altar of Hepliaklqana.
  4172 | D:4      | Found a burning altar of Makhleb.
  4481 | D:5      | Entered Level 5 of the Dungeon
  4837 | D:5      | Found a sparkling altar of Nemelex Xobeh.
  4839 | D:5      | Found Vekhlem's Lightly-Used Armoury.
  4885 | D:5      | Found a blossoming altar of Fedhas.
  5032 | D:5      | Found an ancient bone altar of Kikubaaqudgha.
  5400 | D:5      | Reached skill level 5 in Spellcasting
  5400 | D:5      | Reached skill level 5 in Conjurations
  5400 | D:5      | Reached XP level 8. HP: 45/46 MP: 15/15
  5629 | D:5      | You fall through a shaft!
  5643 | D:6      | Reached skill level 6 in Fire Magic
  5836 | D:6      | Found a deep blue altar of Sif Muna.
  6022 | D:5      | Found an opulent altar of Gozag.
  6286 | D:5      | Noticed Edmund
  6323 | D:5      | Killed Edmund
  7749 | D:6      | Reached skill level 7 in Fire Magic
  7752 | D:6      | Reached XP level 9. HP: 51/51 MP: 15/18
  8074 | D:6      | Reached skill level 1 in Shields
  8579 | D:6      | Found Cozor's Jewellery Shoppe.
  8658 | D:6      | Found a radiant altar of Vehumet.
  8686 | D:6      | Became a worshipper of Vehumet
  9014 | D:7      | Found a shadowy altar of Dithmenos.
  9058 | D:7      | Found a flagged portal.
  9069 | Bailey   | Entered a bailey
  9489 | Bailey   | Reached * piety under Vehumet
  9489 | Bailey   | Offered knowledge of Magic Dart by Vehumet.
 10223 | Bailey   | Reached skill level 8 in Fire Magic
 10641 | Bailey   | Reached XP level 10. HP: 56/56 MP: 8/20
 10892 | Bailey   | Hit by a javelin of returning thrown by a centaur

Levels and vault maps discovered:
D:1:      dpeg_arrival_shrine, layout_loops_ring
D:2:      layout_loops_ring, overflow_temple_1_default, first_ration,
          uniq_jessica, uniq_terence
D:3:      layout_loops_corners, ebering_ghost_disaster_area, uniq_grinder
D:4:      layout_basic, lemuel_doored_altar,
          nicolae_ru_great_annihilating_truth, serial_shops,
          nicolae_shop_waterfront, serial_glass, glass_columns_c,
          glass_columns_a, glass_columns_a, glass_columns_b, glass_columns_b,
          glass_columns_a, bloody_makhleb
D:5:      minmay_goblin_kobold_castle, layout_layer_cave, grunt_gozag_statues,
          nemelex_xobeh_ov_fountains_minmay, fedhas_altar_3, basic_altar,
          minmay_shop_damaged, hangedman_decor_opposing,
          kennysheep_generic_room_4, uniq_edmund
D:6:      layout_loops_corners, led_sif_pool, basic_altar, serial_shops, shop,
          nicolae_lava_and_water
D:7:      wander_guarded_unrand_ratskin, layout_loops_cross,
          evilmike_ruin_ashenzari, minmay_temple_entry_grid, basic_altar,
          enter_bailey_2
Bailey:   bailey_polearm_flooded_kennysheep, bailey

Skill      XL: |  1  2  3  4  5  6  7  8  9 10 |
---------------+-------------------------------+-----
Conjurations   | 2 3 4 5 6 7 |  7.7
Spellcasting   | 3 4 5 6 7 |  7.3
Fire Magic     | 4 5 7 8 |  8.3
Shields        | 3 4 |  4.0
Dodging        | |  2.0
Stealth        | |  2.6

Action                   |  1- 3 |  4- 6 |  7- 9 | 10-12 || total
-------------------------+-------+-------+-------+-------++-------
Melee: Unarmed           |    13 |       |       |       ||    13
       Constrict         |     5 |     9 |    10 |       ||    24
       Tentacles         |     4 |     4 |     3 |       ||    11
       Dagger            |     1 |    42 |     6 |       ||    49
       Whip              |       |     2 |     3 |       ||     5
       Flail             |       |       |    23 |       ||    23
 Cast: Flame Tongue      |    24 |    48 |   322 |     4 ||   398
       Sticky Flame      |       |     1 |    20 |       ||    21
       Conjure Flame     |       |       |     1 |       ||     1
       Fireball          |       |       |    11 |     6 ||    17
  Use: Scroll            |       |     2 |    12 |       ||    14
       Potion            |       |       |       |     1 ||     1
 Stab: Sleeping          |     7 |     8 |     3 |       ||    18
  Eat: Chunk             |       |     9 |    16 |       ||    25
       Ration            |       |       |     3 |     1 ||     4
Armor: Skin              |     4 |    13 |    19 |     1 ||    37
Dodge: Dodged            |    13 |    27 |    91 |     6 ||   137

Table legend:
 A = Non-vault XP
 B = Vault XP
 C = Vault XP percentage of total XP
 D = Non-vault monster count
 E = Vault monster count
 F = Vault count percentage of total count
                 A         B        C        D         E       F
            +---------+---------+-------+---------+---------+-------
      Total |    2054 |    2908 |  58.6 |     123 |     101 |  45.1
            +---------+---------+-------+---------+---------+-------
        D:1 |      26 |       0 |   0.0 |      16 |       0 |   0.0
        D:2 |      62 |      73 |  54.1 |      18 |       2 |  10.0
        D:3 |     134 |     272 |  67.0 |      24 |       1 |   4.0
        D:4 |     132 |      52 |  28.3 |      10 |       4 |  28.6
        D:5 |     539 |     567 |  51.3 |      22 |      58 |  72.5
        D:6 |    1084 |       0 |   0.0 |      28 |       0 |   0.0
        D:7 |      77 |       2 |   2.5 |       5 |       2 |  28.6
     Bailey |       0 |    1942 | 100.0 |       0 |      34 | 100.0
            +---------+---------+-------+---------+---------+-------
